 Dungeon Crawl Stone Soup version 0.31.0-32-g396128a36d (webtiles) character file.

Game seed: 14993124643063664952

64 EvilSkull21 the Ruffian (level 3, 0/35 HPs)
             Began as a Troll Gladiator on Mar 22, 2024.
             Was a Believer of Zin.
             Succumbed to a gnoll's poison
             ... on level 3 of the Dungeon.
             The game lasted 00:08:31 (1388 turns).

EvilSkull21 the Ruffian (Troll Gladiator)           Turns: 1388, Time: 00:08:32

Health: 0/35       AC:  4    Str: 24    XL:     3   Next: 91%
Magic:  2/2        EV: 10    Int:  4    God:    Zin [**....]
Gold:   59         SH:  0    Dex: 11    Spells: 2/2 levels left

rFire   . . .        h - +0 spear
rCold   . . .        (no shield)
rNeg    . . .        a - +0 robe
rPois   .            b - +0 hat
rElec   .            k - scarf {shadows}
rCorr   .            (gloves unavailable)
SInv    .            (boots unavailable)
Will    .....        (no amulet)
Stlth   +            (no ring)
HPRegen 1.05/turn    (no ring)
MPRegen 0.08/turn

%: no passive effects
@: lethally poisoned (0 -> -4)
A: large, unfitting armour, claws 3, regeneration 1, shaggy fur 1, tough skin 1
a: Renounce Religion, Recite, Vitalisation, Donate Gold


You were on level 3 of the Dungeon.
You worshipped Zin.
Zin was pleased with you.
You visited 1 branch of the dungeon, and saw 3 of its levels.

You collected 116 gold pieces.
You donated 57 gold pieces to Zin.

Inventory:

Hand Weapons
 h - a +0 spear (weapon)
Missiles
 c - 2 throwing nets (quivered)
 d - a large rock
 g - 5 poisoned darts
 j - 17 stones
Armour
 a - a +0 robe (worn)
 b - a +0 hat (worn)
 k - a scarf of shadows (worn)
Talismans
 m - a beast talisman
Scrolls
 e - a scroll of teleportation {unknown}
 f - a scroll of blinking {unknown}
 i - a scroll of fog {unknown}
 l - 3 scrolls of identify {unknown}
 n - a scroll of revelation {unknown}
 o - a scroll of poison {unknown}


   Skills:
 + Level 2.2 Fighting
 + Level 0.2 Polearms
 + Level 1.8 Throwing
 + Level 2.9 Dodging
 + Level 0.1 Stealth
 + Level 3.6 Unarmed Combat
 + Level 0.1 Invocations


You had 2 spell levels left.
You didn't know any spells.
Your spell library was empty.

Dungeon Overview and Level Annotations

Branches:
Dungeon (3/15)

Altars:
Zin


Innate Abilities, Weirdness & Mutations

You are too large for most types of armour.
You have claws for hands.
Your natural rate of healing is unusually fast.
You are covered in fur. (AC +1)
You have tough skin. (AC +1)


Message History

The gnoll throws a poisoned dart.
The poisoned dart barely misses you.
Throw: 4 throwing nets
Press: ? - help, Q - select action, (/) - cycle Shift-Dir - straight line, f - gnoll
Aim: a gnoll, wielding a +0 flail and quivering curare-tipped darts (56% to hit)
You throw a throwing net. The throwing net hits the gnoll.
The gnoll is caught in the net!
The gnoll struggles against the net.
The gnoll barely misses you.
The gnoll throws a poisoned dart.
The poisoned dart hits you!
You are poisoned.
You feel sick.
The gnoll struggles against the net.
The gnoll throws a poisoned dart.
The poisoned dart barely misses you.
You feel sick.
The gnoll struggles against the net.
The gnoll attacks as it pursues you!
The gnoll hits you from afar with a +0 spear.
* * * LOW HITPOINT WARNING * * *
You feel sick.
The gnoll struggles against the net.
You feel sick.
The gnoll struggles against the net.
Throw: 3 throwing nets
Press: ? - help, Q - select action, (/) - cycle Shift-Dir - straight line, f/p - gnoll
Aim: a gnoll, wielding a +0 flail and quivering curare-tipped darts (entangled in a net, 92% to hit)
You throw a throwing net.
The throwing net barely misses the gnoll.
The throwing net barely misses the gnoll.
The throwing net hits the gnoll.
You feel sick.
The gnoll struggles against the net.
The net rips apart, and the gnoll comes free!
The gnoll hits you with a +0 club.
* * * LOW HITPOINT WARNING * * *
The gnoll hits you but does no damage.
You feel sick. The gnoll attacks as it pursues you!
The gnoll hits you with a +0 club!
* * * LOW HITPOINT WARNING * * *
* * * LOW HITPOINT WARNING * * *
You feel sick.
* * * LOW HITPOINT WARNING * * *
You feel sick.
You are no longer poisoned.
The gnoll throws a poisoned dart.
The poisoned dart hits you!
You are lethally poisoned!
You die...

....................#.#.......#
.......>............#.#.#...###
........................+......
.#+##...##....#####...###...###
#...<+.....[.............#..
#....#+###....#..)...##.....
#+#.... #...........##.....
......##...........##.....
..........@....g...<###<...
.....#....#...gg....(...###.
......#....###...###...÷..##.
... #...####.....### ..
###...........[. .
#.....###..... #.............
#.........÷... ###..........


You could see 3 gnolls.

Vanquished Creatures
  2 adders (D:2)
  2 ribbon worms
  2 orcs (D:3)
  7 ball pythons
  4 endoplasms
  A giant cockroach (D:2)
  2 goblins
  3 hobgoblins
  2 jackals (D:2)
  4 kobolds
  A quokka (D:3)
  2 bats
  A frilled lizard (D:3)
  3 rats
36 creatures vanquished.

Notes
Turn   | Place    | Note
-------+----------+-------------------------------------------
     0 | D:1      | EvilSkull21 the Troll Gladiator began the quest for the
                  | Orb.
     0 | D:1      | Reached XP level 1. HP: 19/19 MP: 0/0
   201 | D:1      | Reached XP level 2. HP: 27/27 MP: 1/1
   393 | D:1      | Found a faded altar of an unknown god.
   414 | D:1      | Prayed at the altar of an unknown god.
   414 | D:1      | Became a worshipper of Zin the Law-Giver
   414 | D:1      | Reached * piety under Zin
   590 | D:2      | Reached ** piety under Zin
   646 | D:2      | Reached XP level 3. HP: 32/35 MP: 2/2
  1103 | D:3      | Donated 46 gold pieces to Zin
  1384 | D:3      | HP: 1/35 [gnoll/+0 club (7)]
  1388 | D:3      | Succumbed to a gnoll's poison

Illustrated notes

Levels and vault maps discovered:
D:1:      kilobyte_arrival_exit_the_forest, layout_rooms,
          shapermc_ecumenical_altar_acropolis
D:2:      layout_basic, grunt_ministairs_14, nicolae_twisty_statue_hallways,
          uniq_crazy_yiuf_cottage, uniq_jessica
D:3:      layout_basic, mainiacjoe_overflow_alcove_3

Skill      XL: |  1  2 |
---------------+-------+-----
Fighting       | 2 |  2.2
Polearms       | |  0.2
Throwing       | |  1.8
Dodging        | |  2.9
Stealth        | |  0.1
Unarmed Combat | |  3.6
Invocations    | |  0.1

Action                     || total
---------------------------++-------
  Melee: Unarmed           ||    18
         Punch             ||     1
         Spear             ||   139
  Throw: Throwing net      ||     2
 Invoke: Vitalisation      ||     1
         Donate Gold       ||     1
 Armour: Robe              ||   123
  Dodge: Dodged            ||    92
